 Dungeon Crawl Stone Soup version 0.24.0-13-gcf9b319 (webtiles) character file.

Game seed: 5232120162356916176, levelgen mode: deterministic

47 Bronimir the Firebug (level 3, -5/26 HPs)
             Began as a Hill Orc Fire Elementalist on Mar 28, 2020.
             Slain by an ice beast (14 damage)
             ... on level 2 of the Dungeon.
             The game lasted 00:02:36 (1244 turns).

Bronimir the Firebug (Hill Orc Fire Elementalist)   Turns: 1244, Time: 00:02:37

Health: -5/26      AC:  6    Str: 11    XL:     3   Next: 70%
Magic:  6/6        EV: 12    Int: 15    God:
Gold:   104        SH:  0    Dex: 11    Spells: 0/6 levels left

rFire    . . .     SeeInvis .   a - +1 spear
rCold    . . .     Gourm    .   (no shield)
rNeg     . . .     Faith    .   o - +0 robe
rPois    .         Spirit   .   (no helmet)
rElec    .         Reflect  .   (no cloak)
rCorr    .         Harm     .   (no gloves)
MR       .....                  (no boots)
Stlth    ++........             j - amulet of magic regeneration
HPRegen  0.08/turn              p - +4 ring of protection (curse)
MPRegen  0.35/turn              (no ring)

@: very slightly contaminated
A: no striking features
a: no special abilities


You were on level 2 of the Dungeon.
You were not hungry.

You visited 1 branch of the dungeon, and saw 2 of its levels.

You collected 104 gold pieces.

Inventory:

Hand Weapons
 a - a +1 spear (weapon)
 d - a +0 short sword
Missiles
 b - 18 arrows
 q - 48 stones (quivered)
Armour
 n - a +0 ring mail
 o - a +0 robe (worn)
Jewellery
 j - an amulet of magic regeneration (around neck)
 p - a cursed +4 ring of protection (left hand)
Scrolls
 f - 2 scrolls of magic mapping {unknown}
 i - a scroll of random uselessness {unknown}
 l - 2 scrolls of enchant armour {unknown}
 m - 2 scrolls of remove curse {unknown}
Potions
 g - a potion of berserk rage {unknown}
 h - a potion of curing
 k - a potion of heal wounds {unknown}
 s - a potion of brilliance {unknown}
Comestibles
 c - 3 rations
 r - 4 chunks of flesh


   Skills:
 + Level 0.3 Short Blades
 * Level 0.6 Armour
 + Level 1.7 Dodging
 - Level 1.5 Stealth
 * Level 2.1 Spellcasting
 * Level 1.3 Conjurations
 * Level 4.0 Fire Magic


You couldn't memorise any spells.
You knew the following spells:

 Your Spells              Type           Power        Failure   Level  Hunger
a - Flame Tongue          Conj/Fire      #....        8%          1    #......
b - Throw Flame           Conj/Fire      #.....       11%         2    ###....
c - Conjure Flame         Conj/Fire      #.......     22%         3    ###....

Your spell library contained the following spells:

 Spells                   Type           Power        Failure   Level  Hunger
 Inner Flame              Hex/Fire       #.......     28%         3    ###....
 Sticky Flame             Conj/Fire      #.......     58%         4    #####..
 Fireball                 Conj/Fire      #.........   90%         5    ######.


Dungeon Overview and Level Annotations

Branches:
Dungeon (2/15)

Altars:

Annotations:
D:2 Natasha


Message History

The ice beast is moderately wounded.
The ice beast hits you but does no damage.
You hit the ice beast but do no damage.
The ice beast is moderately wounded.
The ice beast hits you. The ice beast freezes you!
Ouch! That really hurt!
The ice beast hits you. The ice beast freezes you.
* * * LOW HITPOINT WARNING * * *
You barely miss the ice beast.
The ice beast is moderately wounded.
The ice beast barely misses you.
Okay, then.
It was a potion of curing.
You feel better. The ice beast closely misses you.
The ice beast barely misses you.
As you read the scroll labeled QUM UFESYKHLI, it crumbles to dust.
It is a scroll of enchant weapon.
Your +0 spear glows red for a moment.
The ice beast hits you. The ice beast freezes you!
Ouch! That really hurt!
You die...

##.#
#......................#..
...#
#.........................
.##...
#....).....##.........# .
##.##..........##.........#
.............##......>..#
..#..........##.........#
#....#.#...##............#
...........####........<.##
##..#####..@Y............#
#.. #######...........# #.
###########.# ... ###


You could see an ice beast.

Vanquished Creatures
  2 adders (D:2)
  5 bats (D:1)
  A giant cockroach (D:1)
  7 goblins
  4 hobgoblins
  3 kobolds
  A ball python (D:2)
  2 frilled lizards (D:1)
  4 rats
29 creatures vanquished.

Notes
Turn   | Place    | Note
-------+----------+-------------------------------------------
     0 | D:1      | Bronimir the Hill Orc Fire Elementalist began the quest for
                  | the Orb.
     0 | D:1      | Reached XP level 1. HP: 14/14 MP: 3/3
   210 | D:1      | Reached XP level 2. HP: 16/20 MP: 0/4
   217 | D:1      | Learned a level 2 spell: Throw Flame
   780 | D:2      | Reached XP level 3. HP: 26/26 MP: 1/6
   787 | D:2      | Reached skill level 4 in Fire Magic
  1050 | D:1      | Learned a level 3 spell: Conjure Flame
  1215 | D:2      | Noticed an ice beast
  1217 | D:2      | Noticed Natasha
  1244 | D:2      | Slain by an ice beast

Levels and vault maps discovered:
D:1:      mrwooster_arrival_arrow, layout_loops_ring, minmay_pentomino_q2
D:2:      layout_rooms, tso_altar, minmay_misc_feat_plants, xom_teletrap_fun,
          uniq_natasha, uniq_sigmund, uniq_robin

Skill      XL: |  1  2  3 |
---------------+----------+-----
Spellcasting   | 2 |  2.1
Fire Magic     | 4 |  4.0
Short Blades   | |  0.3
Armour         | |  0.6
Dodging        | |  1.7
Stealth        | |  1.5
Conjurations   | |  1.3

Action                   || total
-------------------------++-------
Melee: Short sword       ||    13
       Spear             ||    35
 Cast: Flame Tongue      ||    43
       Throw Flame       ||     3
  Use: Scroll            ||     1
       Potion            ||     1
  Eat: Chunk             ||     2
Armor: Robe              ||    38
Dodge: Dodged            ||    51
